 Dungeon Crawl Stone Soup version 0.20-a0-382-g289d6af (webtiles) character file.

25 Kurtz the Twirler (level 3, -3/21 HPs)
             Began as a Kobold Gladiator on Dec 29, 2016.
             Slain by Jessica
             ... wielding a +4 dagger
              (7 damage)
             ... on level 2 of the Dungeon.
             The game lasted 00:00:46 (484 turns).

Kurtz the Twirler (Kobold Gladiator)                 Turns: 484, Time: 00:00:47

Health: -3/21      AC:  8    Str: 12    XL:     3   Next: 17%
Magic:  3/3        EV: 13    Int:  9    God:
Gold:   72         SH:  0    Dex: 16    Spells: 2/2 levels left

rFire  . . .     SeeInvis .     a - +0 quarterstaff
rCold  . . .     Gourm    .     e - +0 scale mail
rNeg   . . .     Faith    .     (shield currently unavailable)
rPois  .         Spirit   .     c - +0 helmet
rElec  .         Reflect  .     (no cloak)
rCorr  .         Harm     .     (no gloves)
MR     .....                    i - +0 pair of boots
Stlth  ..........               (no amulet)
                                (no ring)
                                (no ring)

@: no status effects
A: carnivore 3
a: no special abilities


You were on level 2 of the Dungeon.
You were full.

You visited 1 branch of the dungeon, and saw 2 of its levels.

You collected 72 gold pieces.

Inventory:

Hand Weapons
 a - a +0 quarterstaff (weapon)
Missiles
 d - 3 throwing nets (quivered)
Armour
 b - a +0 leather armour
 c - a +0 helmet (worn)
 e - a +0 scale mail (worn)
 i - a +0 pair of boots (worn)
Scrolls
 g - a scroll of enchant weapon {unknown}
 j - a scroll of identify {unknown}
 k - a scroll of random uselessness {unknown}
Potions
 h - a potion of flight {unknown}
Comestibles
 f - 2 meat rations


   Skills:
 - Level 2.1 Fighting
 * Level 3.7 Staves
 - Level 2.1 Throwing
 - Level 3.6 Dodging


You had 2 spell levels left.
You didn't know any spells.

Dungeon Overview and Level Annotations

Branches:
Dungeon (2/15)

Altars:

Annotations:
D:2 Jessica


Innate Abilities, Weirdness & Mutations

You are small and have problems with some larger weapons.
You are carnivorous and can eat meat at any time.


Message History

Jessica the Apprentice Sorceress comes into view.
She is wielding an enchanted dagger.
Jessica shouts!
There is a stone staircase leading up here.
Jessica is nearby!
Jessica is nearby!
You closely miss Jessica.
Jessica drinks a potion.
Jessica seems to speed up.
You closely miss Jessica. Jessica casts a spell at you.
You resist with some effort.
You hit Jessica.
Jessica is heavily wounded.
Jessica points at you and mumbles some strange words.
Pain shoots through your body!
Ouch! That really hurt!
Jessica hits you with an enchanted dagger.
* * * LOW HITPOINT WARNING * * *
You hit Jessica but do no damage.
Jessica is heavily wounded.
Jessica hits you with an enchanted dagger!
You die...

. ... .# ..
..##.# .. .....#
#. #....##
#.###.....##
#..........#
#<....#
#.....###..
#..@.......
.......@.......
###.......#####
#..........
..........#..
...............#
................
##..........###


You could see Jessica.

Vanquished Creatures
  An ooze (D:1)
  3 dart slugs (D:1)
  2 goblins (D:1)
  A hobgoblin (D:1)
  6 bats (D:1)
  A frilled lizard (D:1)
  2 kobolds (D:1)
16 creatures vanquished.

Notes
Turn   | Place    | Note
-------+----------+-------------------------------------------
     0 | D:1      | Kurtz the Kobold Gladiator began the quest for the Orb.
     0 | D:1      | Reached XP level 1. HP: 12/12 MP: 1/1
     0 | D:1      | Noticed a gargoyle
     0 | D:1      | Noticed a draconian
     0 | D:1      | Noticed an ogre
     2 | D:1      | Noticed an ogre
     4 | D:1      | Noticed an ogre
     5 | D:1      | Noticed a formicid
     6 | D:1      | Noticed a naga
     8 | D:1      | Noticed a centaur
    12 | D:1      | Noticed a draconian
    14 | D:1      | Noticed a human
    14 | D:1      | Noticed a formicid
    16 | D:1      | Noticed a draconian
    16 | D:1      | Noticed a spriggan
    18 | D:1      | Noticed a troll
    18 | D:1      | Noticed a formicid
   107 | D:1      | Reached XP level 2. HP: 17/17 MP: 2/2
   332 | D:1      | Reached XP level 3. HP: 21/21 MP: 3/3
   478 | D:2      | Noticed Jessica
   484 | D:2      | Slain by Jessica

Vault maps used:
D:1:      shiori_arrival_whats_in_store_for_you
D:2:      uniq_jessica

Skill      XL: |  1 |
---------------+----+-----
Staves         | 3 |  3.7
Fighting       | |  2.1
Throwing       | |  2.1
Dodging        | |  3.6

Action                   || total
-------------------------++-------
Melee: Quarterstaff      ||    57
  Eat: Chunk             ||     3
Armor: Leather armour    ||     6
       Scale mail        ||    18
Dodge: Dodged            ||    46
